 Dungeon Crawl Stone Soup version 0.22-a0-299-g43f9854 (webtiles) character file.

353 kidcy the Slasher (level 6, -1/56 HPs)
             Began as a Hill Orc Fighter on Mar 25, 2018.
             Succumbed to an orc wizard's poison
             ... on level 4 of the Dungeon.
             The game lasted 00:03:57 (2709 turns).

kidcy the Slasher (Hill Orc Fighter)                Turns: 2709, Time: 00:03:58

Health: -1/56      AC:  8    Str: 19 (21) XL:     6   Next: 62%
Magic:  6/6        EV:  7    Int:  5 (8)  God:
Gold:   117        SH:  9    Dex:  7 (10) Spells: 5/5 levels left

rFire    + . .     SeeInvis .   a - +0 long sword
rCold    + . .     Gourm    .   c - +0 shield
rNeg     . . .     Faith    .   b - +0 scale mail
rPois    +         Spirit   .   (no helmet)
rElec    +         Reflect  .   (no cloak)
rCorr    +         Harm     .   s - +0 pair of gloves
MR       .....                  (no boots)
Stlth    ..........             (no amulet)
HPRegen  0.18/turn              (no ring)
MPRegen  0.10/turn              (no ring)

@: lethally poisoned (-1 -> -82), resistant
A: no striking features
a: no special abilities


You were on level 4 of the Dungeon.
You were not hungry.

You visited 1 branch of the dungeon, and saw 4 of its levels.

You collected 117 gold pieces.

Inventory:

Hand Weapons
 a - a +0 long sword (weapon)
Armour
 b - a +0 scale mail (worn)
 c - a +0 shield (worn)
 p - a +0 plate armour
 s - a +0 pair of gloves (worn)
Jewellery
 n - an uncursed ring of poison resistance {unknown}
Scrolls
 d - a scroll of teleportation {unknown}
 e - a scroll of blinking {unknown}
 h - a scroll of fog {unknown}
 j - 4 scrolls of remove curse {unknown}
 l - a scroll of random uselessness {unknown}
 m - 2 scrolls of fear {unknown}
 q - 2 scrolls of enchant weapon {unknown}
 t - a scroll of identify {unknown}
Potions
 g - a potion of resistance
 k - a potion of haste {unknown}
 r - 2 potions of brilliance {unknown}
Comestibles
 f - 9 rations


   Skills:
 + Level 5.0 Fighting
 * Level 5.0 Long Blades
 + Level 4.5 Armour
 + Level 4.6 Shields


You had 5 spell levels left.
You didn't know any spells.

Dungeon Overview and Level Annotations

Branches:
Dungeon (4/15)
 Temple: D:4-7

Altars:
Ashenzari
Elyvilon
Fedhas


Message History

Something hits you but does no damage.
You are more poisoned.
Something hits you but does no damage.
You are more poisoned.
It was a potion of resistance.
You feel protected.
* * * LOW HITPOINT WARNING * * *
You feel very sick. Something hits you but does no damage.
You are more poisoned.
You hit something.
* * * LOW HITPOINT WARNING * * *
You feel extremely sick.
Something hits you but does no damage. x2
You slash something!
Reactivating autopickup.
Your Fighting skill increases to level 5!
Your Long Blades skill increases to level 5!
You feel a bit more experienced.
You die...

... ... #.# #### #.# ...
#####.###.# #
..........#####.
#...######.....)......
#.....)@...)...######
#...###))##.###.....##..
# ##.##.##.......>..
#..#.............
##...............
####............
#<...........
#............
#............


There were no monsters in sight!

Vanquished Creatures
  Sigmund (D:3)
  A scorpion (D:3)
  2 orc wizards (D:4)
  A gnoll (D:1)
  4 adders
  2 leopard geckos (D:2)
  8 orcs
  2 bats
  2 giant cockroaches
  4 goblins
  5 hobgoblins
  2 jackals (D:2)
  2 frilled lizards
  6 kobolds
  3 rats
45 creatures vanquished.

Notes
Turn   | Place    | Note
-------+----------+-------------------------------------------
     0 | D:1      | kidcy the Hill Orc Fighter began the quest for the Orb.
     0 | D:1      | Reached XP level 1. HP: 19/19 MP: 1/1
   176 | D:1      | Reached XP level 2. HP: 16/27 MP: 2/2
   864 | D:2      | Reached XP level 3. HP: 31/33 MP: 3/3
   893 | D:2      | Found a shattered altar of Ashenzari.
   964 | D:2      | Found a blossoming altar of Fedhas.
  1082 | D:2      | Found a white marble altar of Elyvilon.
  1740 | D:3      | Reached XP level 4. HP: 31/40 MP: 4/4
  1989 | D:3      | Noticed Sigmund
  2014 | D:3      | Killed Sigmund
  2014 | D:3      | Reached XP level 5. HP: 28/47 MP: 5/5
  2014 | D:3      | Reached XP level 6. HP: 33/55 MP: 6/6
  2709 | D:4      | Reached skill level 5 in Fighting
  2709 | D:4      | Reached skill level 5 in Long Blades
  2709 | D:4      | Succumbed to an orc wizard's poison

Vault maps used:
D:1:      saegor_arrival_simple_c
D:2:      fedhas_altar_fruit_tree, elyvilon_altar_1,
          ashenzari_conservatory_becter
D:3:      uniq_sigmund
D:4:      lemuel_crystal_altar, uniq_edmund, uniq_menkaure

Skill      XL: |  1  2  3  4  5  6 |
---------------+-------------------+-----
Long Blades    | 3 4 5 |  5.0
Fighting       | 4 5 |  5.0
Armour         | 4 |  4.5
Shields        | 4 |  4.6

Action                   |  1- 3 |  4- 6 || total
-------------------------+-------+-------++-------
Melee: Long sword        |   103 |    88 ||   191
  Use: Potion            |       |     5 ||     5
  Eat: Chunk             |     2 |     4 ||     6
Armor: Scale mail        |    56 |    35 ||    91
Dodge: Dodged            |    36 |    24 ||    60
Block: Shield            |    52 |    38 ||    90
       Rpst.: Long sword |    13 |    10 ||    23

Table legend:
 A = Spawn XP
 B = Non-spawn XP
 C = Spawn XP percentage of total XP
 D = Spawn monster count
 E = Non-spawn monster count
 F = Spawn count percentage of total count
 G = Total turns spent on level
                    A         B        C        D         E        F      G
               +---------+---------+-------+---------+---------+-------+---------
         Total |       0 |     505 |   0.0 |       0 |      45 |   0.0 |  2709
               +---------+---------+-------+---------+---------+-------+---------
           D:1 |       0 |      23 |   0.0 |       0 |       7 |   0.0 |   740
           D:2 |       0 |      48 |   0.0 |       0 |      15 |   0.0 |   979
           D:3 |       0 |     342 |   0.0 |       0 |      17 |   0.0 |   947
           D:4 |       0 |      92 |   0.0 |       0 |       6 |   0.0 |    43
               +---------+---------+-------+---------+---------+-------+---------
